[ PARTIDA AOE2 · #506898458 ]
UnrankedWei vs Dravidians
Equipo del jugador · DERR
Equipo rival · VICT
[ ANÁLISIS DE REPETICIÓN · EXTRAÍDO DE LA PARTIDA GRABADA ]
Feudal
8:51
Castillos
18:22
Imperial
63:12
| APM promedio | 60.9 |
| APM pico | 96 |
| eAPM promedio | 30.8 |
| Aldeanos / militares | 253 / 178 |
Foco
⚔️ 39.3% · 🌾 60.7%
Unknown (1952) ×169 · Scout Cavalry ×92 · Unknown (1949) ×49 · Skirmisher ×42 · Battering Ram ×22 · Mangonel ×17
Feudal
12:10
Castillos
18:14
Imperial
44:49
| APM promedio | 80.8 |
| APM pico | 153 |
| eAPM promedio | 51.3 |
| Aldeanos / militares | 397 / 459 |
Foco
⚔️ 45.2% · 🌾 54.8%
Spearman ×210 · Skirmisher ×149 · Archer ×36 · Mangonel ×27 · Trebuchet (Packed) ×13 · Monk ×10
Mapa de la partida
Recursos iniciales + cada clic de construcción. Líneas = muros · curvas = relieve. ◆ oro · ⬟ piedra · ● bayas · ✦ reliquia · ◌ hueco del cierre
Tu base· Abierta — el rival se encerró
Base de SalzZ_classicpro· ✓ Cerrada en 18:14 · 38t muro · sin puerta
Terreno inicial suavizado · ◌ = hueco del cierre detectado · pasá el cursor para detalles
Inputs por minuto
— CNZS_98T - - SalzZ_classicpro
Build order — CNZS_98T
Primeras 150 de 965 acciones detectadas
| 0:00 | Crear | Villager (Male) |
| 0:01 | Crear | Villager (Male) |
| 0:01 | Crear | Villager (Male) |
| 0:01 | Crear | Villager (Male) |
| 0:02 | Construir | House |
| 0:04 | Construir | House |
| 1:27 | Crear | Villager (Male) |
| 1:28 | Crear | Villager (Male) |
| 1:44 | Construir | Lumber Camp |
| 2:00 | Crear | Villager (Male) |
| 2:20 | Crear | Villager (Male) |
| 2:47 | Crear | Villager (Male) |
| 3:09 | Crear | Villager (Male) |
| 3:09 | Crear | Villager (Male) |
| 3:36 | Construir | House |
| 3:41 | Crear | Villager (Male) |
| 3:41 | Crear | Villager (Male) |
| 4:02 | Crear | Villager (Male) |
| 4:20 | Construir | Mill |
| 4:46 | Crear | Villager (Male) |
| 5:01 | Crear | Villager (Male) |
| 5:09 | Construir | Palisade Wall |
| 5:16 | Construir | Palisade Wall |
| 5:29 | Crear | Villager (Male) |
| 5:34 | Construir | House |
| 5:55 | Construir | Palisade Wall |
| 5:58 | Crear | Villager (Male) |
| 6:27 | Construir | Palisade Wall |
| 6:39 | Investigar | Feudal Age |
| 6:46 | Construir | Palisade Wall |
| 6:47 | Construir | Palisade Wall |
| 7:11 | Construir | House |
| 7:16 | Construir | Palisade Wall |
| 8:06 | Construir | Barracks |
| 8:48 | Crear | Villager (Male) |
| 8:51 | Edad | Edad Feudal |
| 8:55 | Construir | Archery Range |
| 9:02 | Crear | Villager (Male) |
| 9:07 | Investigar | Double-Bit Axe |
| 9:07 | Investigar | Double-Bit Axe |
| 9:17 | Construir | House |
| 9:25 | Construir | House |
| 9:30 | Construir | Palisade Wall |
| 9:33 | Crear | Villager (Male) |
| 9:41 | Crear | Archer |
| 9:42 | Crear | Archer |
| 9:44 | Crear | Villager (Male) |
| 9:56 | Construir | House |
| 10:06 | Construir | Mill |
| 10:07 | Crear | Villager (Male) |
| 10:16 | Construir | House |
| 10:22 | Crear | Villager (Male) |
| 10:37 | Investigar | Horse Collar |
| 11:06 | Crear | Villager (Male) |
| 11:11 | Construir | Farm |
| 11:21 | Crear | Villager (Male) |
| 11:31 | Construir | Mining Camp |
| 11:37 | Crear | Villager (Male) |
| 11:48 | Construir | Farm |
| 11:52 | Crear | Villager (Male) |
| 11:55 | Construir | Farm |
| 12:09 | Crear | Villager (Male) |
| 12:24 | Crear | Villager (Male) |
| 12:26 | Construir | Farm |
| 12:28 | Construir | Farm |
| 12:56 | Construir | Farm |
| 12:57 | Construir | Farm |
| 12:59 | Crear | Villager (Male) |
| 13:04 | Construir | Farm |
| 13:24 | Construir | Farm |
| 13:52 | Investigar | Loom |
| 13:55 | Construir | Farm |
| 14:08 | Construir | Blacksmith |
| 14:44 | Crear | Villager (Male) |
| 14:56 | Crear | Skirmisher |
| 14:56 | Crear | Skirmisher |
| 15:01 | Construir | Palisade Wall |
| 15:17 | Crear | Villager (Male) |
| 15:18 | Crear | Skirmisher |
| 15:31 | Construir | Lumber Camp |
| 15:42 | Investigar | Castle Age |
| 16:01 | Construir | House |
| 16:04 | Construir | House |
| 16:05 | Construir | House |
| 16:12 | Investigar | Gold Mining |
| 16:12 | Investigar | Gold Mining |
| 16:13 | Crear | Skirmisher |
| 16:17 | Investigar | Fletching |
| 16:34 | Construir | House |
| 16:47 | Investigar | Padded Archer Armor |
| 16:48 | Crear | Skirmisher |
| 16:57 | Construir | Farm |
| 17:16 | Construir | Farm |
| 17:26 | Construir | House |
| 17:28 | Construir | House |
| 17:36 | Construir | House |
| 17:37 | Construir | House |
| 17:53 | Investigar | Wheelbarrow |
| 18:04 | Construir | House |
| 18:22 | Edad | Edad de los Castillos |
| 18:26 | Construir | Town Center |
| 18:48 | Construir | Town Center |
| 18:54 | Investigar | Bow Saw |
| 18:54 | Investigar | Bow Saw |
| 18:58 | Investigar | Bodkin Arrow |
| 19:03 | Construir | House |
| 19:39 | Crear | Villager (Male) |
| 19:41 | Crear | Skirmisher |
| 19:41 | Crear | Skirmisher |
| 19:49 | Crear | Villager (Male) |
| 20:04 | Crear | Villager (Male) |
| 20:08 | Investigar | Elite Skirmisher (upgrade) |
| 20:11 | Crear | Villager (Male) |
| 20:13 | Crear | Villager (Male) |
| 20:24 | Crear | Villager (Male) |
| 20:35 | Crear | Villager (Male) |
| 20:38 | Construir | Monastery |
| 20:50 | Crear | Villager (Male) |
| 20:53 | Construir | Farm |
| 20:53 | Construir | Farm |
| 20:56 | Construir | Farm |
| 21:00 | Crear | Villager (Male) |
| 21:03 | Crear | Villager (Male) |
| 21:16 | Crear | Villager (Male) |
| 21:25 | Construir | Archery Range |
| 21:29 | Crear | Villager (Male) |
| 21:40 | Construir | Siege Workshop |
| 21:43 | Crear | Villager (Male) |
| 21:44 | Crear | Unit 1952 |
| 21:48 | Construir | Farm |
| 21:52 | Crear | Villager (Male) |
| 22:12 | Crear | Villager (Male) |
| 22:13 | Construir | Stable |
| 22:17 | Crear | Villager (Male) |
| 22:19 | Construir | Farm |
| 22:23 | Construir | Farm |
| 22:31 | Crear | Villager (Male) |
| 22:43 | Crear | Mangonel |
| 22:46 | Crear | Villager (Male) |
| 22:46 | Crear | Unit 1952 |
| 22:58 | Crear | Villager (Male) |
| 23:03 | Construir | Farm |
| 23:03 | Construir | Farm |
| 23:08 | Investigar | Town Watch |
| 23:09 | Crear | Villager (Male) |
| 23:12 | Crear | Unit 1952 |
| 23:12 | Crear | Unit 1952 |
| 23:20 | Crear | Villager (Male) |
| 23:29 | Crear | Mangonel |
| 23:35 | Crear | Villager (Male) |
Build order — SalzZ_classicpro
Primeras 150 de 1222 acciones detectadas
| 0:00 | Crear | Villager (Male) |
| 0:01 | Crear | Villager (Male) |
| 0:01 | Construir | House |
| 0:02 | Construir | House |
| 0:04 | Crear | Villager (Male) |
| 0:04 | Crear | Villager (Male) |
| 1:25 | Crear | Villager (Male) |
| 1:25 | Crear | Villager (Male) |
| 1:47 | Construir | Lumber Camp |
| 2:01 | Crear | Villager (Male) |
| 2:01 | Crear | Villager (Male) |
| 2:12 | Crear | Villager (Male) |
| 2:12 | Crear | Villager (Male) |
| 2:47 | Crear | Villager (Male) |
| 2:47 | Crear | Villager (Male) |
| 3:08 | Crear | Villager (Male) |
| 3:30 | Crear | Villager (Male) |
| 3:31 | Crear | Villager (Male) |
| 3:50 | Construir | House |
| 3:56 | Construir | House |
| 3:59 | Crear | Villager (Male) |
| 3:59 | Crear | Villager (Male) |
| 4:20 | Crear | Villager (Male) |
| 4:20 | Crear | Villager (Male) |
| 4:20 | Crear | Villager (Male) |
| 4:48 | Crear | Villager (Male) |
| 4:51 | Construir | Barracks |
| 5:09 | Construir | House |
| 5:11 | Crear | Villager (Male) |
| 5:27 | Construir | Palisade Wall |
| 5:33 | Crear | Villager (Male) |
| 5:50 | Crear | Militia |
| 5:51 | Crear | Militia |
| 5:51 | Crear | Militia |
| 6:06 | Crear | Villager (Male) |
| 6:06 | Crear | Villager (Male) |
| 6:17 | Construir | Palisade Wall |
| 6:18 | Construir | Palisade Wall |
| 6:30 | Crear | Villager (Male) |
| 6:38 | Construir | House |
| 6:45 | Crear | Villager (Male) |
| 6:53 | Construir | Mill |
| 7:07 | Crear | Villager (Male) |
| 7:16 | Crear | Villager (Male) |
| 7:26 | Construir | Palisade Wall |
| 7:31 | Construir | Palisade Wall |
| 7:32 | Construir | Palisade Wall |
| 7:57 | Crear | Villager (Male) |
| 8:01 | Crear | Villager (Male) |
| 8:05 | Construir | House |
| 8:11 | Construir | Mill |
| 8:16 | Crear | Villager (Male) |
| 8:51 | Crear | Villager (Male) |
| 8:52 | Construir | Mining Camp |
| 9:27 | Investigar | Loom |
| 9:29 | Construir | Farm |
| 9:43 | Construir | Farm |
| 9:59 | Investigar | Feudal Age |
| 10:05 | Construir | Farm |
| 10:22 | Crear | Villager (Male) |
| 10:25 | Construir | Farm |
| 11:50 | Crear | Villager (Male) |
| 12:10 | Edad | Edad Feudal |
| 12:26 | Construir | Archery Range |
| 12:28 | Investigar | Double-Bit Axe |
| 12:28 | Investigar | Double-Bit Axe |
| 12:28 | Investigar | Horse Collar |
| 12:28 | Investigar | Horse Collar |
| 12:29 | Investigar | Horse Collar |
| 12:30 | Crear | Villager (Male) |
| 12:34 | Construir | Blacksmith |
| 12:39 | Construir | Farm |
| 12:45 | Crear | Villager (Male) |
| 12:55 | Construir | Farm |
| 13:00 | Construir | House |
| 13:04 | Construir | Lumber Camp |
| 13:10 | Construir | Farm |
| 13:12 | Crear | Skirmisher |
| 13:13 | Crear | Skirmisher |
| 13:14 | Crear | Villager (Male) |
| 13:18 | Crear | Archer |
| 13:36 | Crear | Archer |
| 13:46 | Construir | Farm |
| 13:55 | Construir | Farm |
| 13:55 | Crear | Villager (Male) |
| 13:57 | Crear | Archer |
| 14:09 | Construir | House |
| 14:19 | Construir | Farm |
| 14:32 | Crear | Villager (Male) |
| 14:47 | Crear | Villager (Male) |
| 14:54 | Crear | Archer |
| 14:59 | Construir | Farm |
| 15:17 | Construir | Archery Range |
| 15:34 | Investigar | Castle Age |
| 15:52 | Crear | Archer |
| 15:52 | Crear | Archer |
| 16:15 | Construir | Farm |
| 16:19 | Construir | Farm |
| 16:19 | Crear | Archer |
| 16:20 | Crear | Archer |
| 16:24 | Crear | Archer |
| 16:25 | Crear | Archer |
| 16:28 | Construir | Farm |
| 16:32 | Construir | House |
| 16:41 | Crear | Archer |
| 16:41 | Crear | Archer |
| 16:56 | Investigar | Fletching |
| 16:56 | Investigar | Fletching |
| 17:07 | Construir | Palisade Wall |
| 17:08 | Construir | Palisade Wall |
| 17:11 | Investigar | Padded Archer Armor |
| 17:11 | Investigar | Padded Archer Armor |
| 17:12 | Crear | Archer |
| 17:12 | Crear | Archer |
| 17:32 | Crear | Archer |
| 17:33 | Crear | Archer |
| 17:39 | Crear | Archer |
| 17:39 | Crear | Archer |
| 17:39 | Crear | Archer |
| 18:06 | Crear | Villager (Male) |
| 18:14 | Edad | Edad de los Castillos |
| 18:16 | Investigar | Crossbowman (upgrade) |
| 18:16 | Investigar | Bodkin Arrow |
| 18:24 | Construir | Town Center |
| 18:31 | Investigar | Bow Saw |
| 18:31 | Investigar | Bow Saw |
| 18:35 | Investigar | Bodkin Arrow |
| 18:35 | Investigar | Bodkin Arrow |
| 18:35 | Investigar | Bodkin Arrow |
| 18:35 | Crear | Villager (Male) |
| 18:47 | Crear | Archer |
| 18:47 | Crear | Archer |
| 18:47 | Crear | Archer |
| 18:56 | Construir | House |
| 18:57 | Crear | Villager (Male) |
| 19:15 | Crear | Archer |
| 19:15 | Crear | Archer |
| 19:15 | Crear | Archer |
| 19:18 | Crear | Villager (Male) |
| 19:32 | Crear | Villager (Male) |
| 19:35 | Crear | Archer |
| 19:35 | Crear | Archer |
| 19:42 | Construir | House |
| 19:46 | Crear | Villager (Male) |
| 19:46 | Crear | Villager (Male) |
| 20:00 | Crear | Archer |
| 20:00 | Crear | Archer |
| 20:15 | Investigar | Wheelbarrow |
| 20:20 | Construir | Siege Workshop |
| 20:24 | Crear | Archer |
Cronología de la partida
| 4:51 | SalzZ_classicpro · first_building Barracks |
| 5:09 | CNZS_98T · wall_segment Palisade Wall x4 |
| 5:16 | CNZS_98T · wall_segment Palisade Wall x1 |
| 5:27 | SalzZ_classicpro · wall_segment Palisade Wall x13 |
| 5:55 | CNZS_98T · wall_segment Palisade Wall x4 |
| 6:17 | SalzZ_classicpro · wall_segment Palisade Wall x1 |
| 6:18 | SalzZ_classicpro · wall_segment Palisade Wall x2 |
| 6:27 | CNZS_98T · wall_segment Palisade Wall x4 |
| 6:46 | CNZS_98T · wall_segment Palisade Wall x1 |
| 6:47 | CNZS_98T · wall_segment Palisade Wall x1 |
| 7:16 | CNZS_98T · wall_segment Palisade Wall x1 |
| 7:26 | SalzZ_classicpro · wall_segment Palisade Wall x13 |
| 7:31 | SalzZ_classicpro · wall_segment Palisade Wall x5 |
| 7:32 | SalzZ_classicpro · wall_segment Palisade Wall x4 |
| 8:06 | CNZS_98T · first_building Barracks |
| 8:51 | CNZS_98T · age_up feudal |
| 8:55 | CNZS_98T · first_building Archery Range |
| 9:30 | CNZS_98T · wall_segment Palisade Wall x3 |
| 12:10 | SalzZ_classicpro · age_up feudal |
| 12:26 | SalzZ_classicpro · first_building Archery Range |
| 15:01 | CNZS_98T · wall_segment Palisade Wall x14 |
| 17:07 | SalzZ_classicpro · wall_segment Palisade Wall x1 |
| 17:08 | SalzZ_classicpro · wall_segment Palisade Wall x1 |
| 18:14 | SalzZ_classicpro · age_up castle |
| 18:22 | CNZS_98T · age_up castle |
| 20:20 | SalzZ_classicpro · first_building Siege Workshop |
| 20:38 | CNZS_98T · first_building Monastery |
| 21:40 | CNZS_98T · first_building Siege Workshop |
| 22:13 | CNZS_98T · first_building Stable |
| 25:19 | SalzZ_classicpro · first_building Monastery |
| 29:20 | CNZS_98T · first_building Castle |
| 31:00 | CNZS_98T · first_market_sell 100 food |
| 31:58 | CNZS_98T · first_market_buy 100 wood |
| 32:01 | SalzZ_classicpro · first_market_buy 100 food |
| 33:09 | SalzZ_classicpro · first_market_sell 100 wood |
| 42:52 | SalzZ_classicpro · first_building Castle |
| 44:49 | SalzZ_classicpro · age_up imperial |
| 63:12 | CNZS_98T · age_up imperial |
| 74:47 | CNZS_98T · resign |
[ ANÁLISIS IA · 1 CRÉDITO ]
¿Qué pasó realmente en esta partida?
Wolo.gg analiza cada decisión: build order, eco, micro, errores típicos por bracket. Análisis personalizado por WhatsApp o Discord en 30 segundos.
Guía civ
Wei
Perfil
Jugador #25365699